 Dungeon Crawl Stone Soup version 0.21.0-3-g78d12a8 (webtiles) character file.

896 theElss the Cudgeler (level 8, -1/48 HPs)
             Began as a Gargoyle Berserker on Jan 17, 2018.
             Was a Believer of Trog.
             Slain by an ogre
             ... wielding a cursed -1 giant club
              (15 damage)
             ... on level 5 of the Dungeon.
             The game lasted 00:09:54 (4448 turns).

theElss the Cudgeler (Gargoyle Berserker)           Turns: 4448, Time: 00:09:55

Health: -1/48      AC: 13    Str: 22    XL:     8   Next: 7%
Magic:  8/8        EV: 12    Int: 13    God:    Trog [**....]
Gold:   387        SH:  4    Dex: 12    Spells: 7/7 levels left

rFire    . . .     SeeInvis .   a - +0 mace
rCold    + + +     Gourm    .   (no shield)
rNeg     + . .     Faith    .   r - +1 ring mail of Responsibility {*Corrode rC+++ Int+4 Dex+3}
rPois    ∞         Spirit   .   (no helmet)
rElec    +         Reflect  +   (no cloak)
rCorr    +         Harm     .   h - +0 pair of gloves
MR       ++...                  (no boots)
Stlth    ++........             n - +4 amulet of reflection
HPRegen  1.16/turn              p - ring of stealth
MPRegen  0.11/turn              t - ring of resist corrosion

@: berserk cooldown, regenerating, slowed, very slow
A: negative energy resistance 1, electricity resistance, unbreathing,
petrification resistance, rot immunity, AC +5
a: Berserk, Trog's Hand, Burn Spellbooks, Renounce Religion


You were on level 5 of the Dungeon.
You worshipped Trog.
Trog was pleased with you.
You were not hungry.

You visited 1 branch of the dungeon, and saw 5 of its levels.

You collected 387 gold pieces.

Inventory:

Hand Weapons
 a - a +0 mace (weapon)
Armour
 b - a +0 animal skin
 g - a +1 ring mail of fire resistance
 h - a +0 pair of gloves (worn)
 k - a +0 chain mail
 r - the +1 ring mail of Responsibility (worn) {*Corrode rC+++ Int+4 Dex+3}
   (You found it on level 4 of the Dungeon)

   It affects your intelligence (+4).
   It affects your dexterity (+3).
   It renders you almost immune to cold.
   It may corrode you when you take damage.
Jewellery
 n - a +4 amulet of reflection (around neck)
 p - a ring of stealth (left hand)
 t - a ring of resist corrosion (right hand)
Scrolls
 f - a scroll of immolation {unknown}
 i - 6 scrolls of identify {unknown}
 l - 2 scrolls of enchant weapon {unknown}
 o - 3 scrolls of noise {unknown}
 q - a scroll of remove curse {unknown}
 s - 2 scrolls of teleportation {unknown}
Potions
 d - a potion of degeneration {unknown}
 e - a potion of haste
 j - a potion of berserk rage {unknown}
 m - 2 potions of curing {unknown}
 v - a potion of heal wounds {unknown}
 w - a potion of invisibility {unknown}
 x - a potion of ambrosia {unknown}
Comestibles
 c - 9 rations
 u - 5 chunks of flesh


   Skills:
 + Level 4.9 Fighting
 + Level 7.1 Maces & Flails
 + Level 4.6 Armour
 + Level 3.0 Dodging
 + Level 1.4 Stealth


You had 7 spell levels left.
You didn't know any spells.

Dungeon Overview and Level Annotations

Branches:
Dungeon (5/15)             Temple (0/1) D:4

Altars:
Cheibriados
Trog


Innate Abilities, Weirdness & Mutations

You are resistant to torment.
Your stone body is resilient. (AC +5)
You are immune to poison.
You resist negative energy. (rN+)
You are resistant to electric shocks. (rElec)
You can survive without breathing.
You are immune to petrification.
You are immune to rotting.


Message History

Eating one of 6 chunks of flesh.
You eat one of the 6 chunks of flesh.
This raw flesh tastes terrible.
You feel your anger nearly subside.
You are no longer berserk.
You pass out from exhaustion.
You feel yourself slow down.
You can move again.
An ogre comes into view. It is wielding a giant club.
The ogre shouts!
You see here a giant club.
Your skin crawls.
You feel resistant to hostile enchantments.
You feel somewhat more hungry. The ogre barely misses you.
Unknown command.
You hit the ogre.
The ogre is moderately wounded.
The ogre closely misses you.
You hit the ogre but do no damage.
The ogre is moderately wounded.
The ogre hits you with a giant club!
You die...

########.. ##.....##..
##.......#.. ## #........... ..
#........... ... #.........##
#.. #.........#
####.########.........#
#.....O@.............##
.#####.##.########.........#
............#####..........#
...........................# .
...(.........#####.......>.#
#.###........>..####..........#
....<........................##
........................<...##
##............#..#..>.....##


You could see an ogre.

Vanquished Creatures
  The ghost of Mgcat the Cleaver, an amateur MiBe of Trog (D:4)
  2 phantoms
  A necrophage (D:4)
  An ogre (D:5)
  2 hounds
  2 iguanas (D:5)
  A worker ant (D:4)
  A killer bee zombie (D:5)
  A hound skeleton (D:4)
  3 gnolls (D:3)
  6 adders
  An ooze (D:2)
  2 worms
  4 dart slugs
  2 leopard geckos (D:1)
  8 orcs
  5 giant cockroaches
  7 goblins
  7 hobgoblins
  2 jackals (D:2)
  3 quokkas
  A bat (D:2)
  A frilled lizard (D:1)
  4 kobolds
  6 rats
74 creatures vanquished.

Vanquished Creatures (others)
  A wizard (D:3)
1 creature vanquished.

Grand Total: 75 creatures vanquished

Notes
Turn   | Place    | Note
-------+----------+-------------------------------------------
     0 | D:1      | theElss the Gargoyle Berserker began the quest for the Orb.
     0 | D:1      | Reached XP level 1. HP: 14/14 MP: 1/1
   233 | D:1      | Reached XP level 2. HP: 18/19 MP: 2/2
   864 | D:1      | Reached XP level 3. HP: 20/24 MP: 3/3
  1493 | D:2      | Reached XP level 4. HP: 28/29 MP: 4/4
  1585 | D:2      | Reached ** piety under Trog
  1585 | D:2      | Reached skill level 4 in Maces & Flails
  2250 | D:3      | Reached XP level 5. HP: 33/33 MP: 5/5
  2823 | D:3      | Found a bloodstained altar of Trog.
  2824 | D:3      | Noticed a wizard
  2830 | D:3      | Killed a wizard
  2949 | D:4      | Got a transparent ring mail
  2960 | D:4      | Identified the +1 ring mail of Responsibility {*Corrode rC+++ Int+4 Dex+3} (You found it on level 4 of the Dungeon)
  3113 | D:4      | Noticed Mgcat's ghost (amateur MiBe)
  3121 | D:4      | Killed Mgcat's ghost
  3121 | D:4      | Reached skill level 5 in Maces & Flails
  3121 | D:4      | Reached XP level 6. HP: 39/39 MP: 6/6
  3412 | D:4      | Found a staircase to the Ecumenical Temple.
  3415 | D:4      | Noticed a phantom
  3531 | D:4      | Killed a phantom
  3531 | D:4      | Reached skill level 6 in Maces & Flails
  3531 | D:4      | Reached XP level 7. HP: 44/44 MP: 7/7
  3899 | D:5      | Entered Level 5 of the Dungeon
  3922 | D:5      | Found a snail-covered altar of Cheibriados.
  4057 | D:4      | Reached skill level 1 in Stealth
  4438 | D:5      | Reached *** piety under Trog
  4438 | D:5      | Reached skill level 7 in Maces & Flails
  4438 | D:5      | Reached XP level 8. HP: 12/48 MP: 8/8
  4448 | D:5      | Slain by an ogre

Skill      XL: |  1  2  3  4  5  6  7 |
---------------+----------------------+-----
Dodging        | 2 3 |  3.0
Maces & Flails | 4 5 6 7 |  7.1
Fighting       | 4 |  4.9
Armour         | 3 4 |  4.6
Stealth        | 1 |  1.4

Action                   |  1- 3 |  4- 6 |  7- 9 || total
-------------------------+-------+-------+-------++-------
Melee: Mace              |   110 |   135 |   123 ||   368
Invok: Berserk           |       |     3 |     1 ||     4
       Trog's Hand       |       |       |     1 ||     1
  Eat: Chunk             |     2 |     5 |     5 ||    12
       Ration            |       |     1 |       ||     1
Armor: Animal skin       |    38 |     8 |       ||    46
       Ring mail         |       |    47 |    45 ||    92
Dodge: Dodged            |    83 |    57 |    72 ||   212
Block: Other             |       |    22 |    20 ||    42
